 Dungeon Crawl Stone Soup version 0.29.1 (webtiles) character file.

Game seed: 16937260826795159045

12 GigaChad the Shield-Bearer (level 2, 0/27 HPs)
             Began as a Minotaur Fighter on Sept 13, 2022.
             Slain by a goblin
             ... wielding a +1 dagger of venom
              (1 damage)
             ... on level 1 of the Dungeon.
             The game lasted 00:00:43 (137 turns).

GigaChad the Shield-Bearer (Minotaur Fighter)        Turns: 137, Time: 00:00:43

Health: 0/27       AC:  7    Str: 20    XL:     2   Next: 20%
Magic:  1/1        EV:  9    Int:  5    God:
Gold:   18         SH:  4    Dex:  9    Spells: 1/1 levels left

rFire   . . .      SeeInvis .   f - +0 scimitar
rCold   . . .      Faith    .   c - +0 buckler
rNeg    . . .      Spirit   .   b - +0 scale mail
rPois   .          Reflect  .   (helmet restricted)
rElec   .          Harm     .   (no cloak)
rCorr   .          Rampage  .   (no gloves)
Will    .....                   (no boots)
Stlth   ..........              (no amulet)
HPRegen 0.09/turn               (no ring)
MPRegen 0.07/turn               (no ring)

@: no status effects
A: horns 2, retaliatory headbutt
a: no special abilities


You were on level 1 of the Dungeon.
You visited 1 branch of the dungeon, and saw 1 of its levels.

You collected 18 gold pieces.

Inventory:

Hand Weapons
 a - a +0 long sword
 f - a +0 scimitar (weapon)
Armour
 b - a +0 scale mail (worn)
 c - a +0 buckler (worn)
Potions
 d - a potion of might


   Skills:
 + Level 3.8 Fighting
 + Level 2.7 Long Blades
 + Level 3.8 Armour
 + Level 3.9 Shields


You had one spell level left.
You didn't know any spells.
Your spell library was empty.

Dungeon Overview and Level Annotations

Branches:
Dungeon (1/15)

Altars:


Innate Abilities, Weirdness & Mutations

You have a pair of horns on your head.
You reflexively headbutt those who attack you in melee.


Message History

The bat hits you but does no damage. The bat attacks as you move away!
The bat barely misses you. You furiously retaliate!
You headbutt the bat!
You kill the bat!
You feel sick. The bat hits you but does no damage.
The ball python attacks as you move away!
The ball python completely misses you.
You feel sick. The bat attacks as you move away! The bat closely misses you.
The hobgoblin attacks as you move away!
The hobgoblin hits you but does no damage.
A bat comes into view.
You feel sick. The bat hits you but does no damage. x2
The hobgoblin attacks as you move away! You block the hobgoblin's attack.
A bat comes into view.
You feel sick. You block the bat's attack.
The bat moves out of view.
You barely miss the bat. You headbutt the bat.
You kill the bat!
You feel sick. You block the bat's attack. The ball python bites you.
The ball python grabs you. The ball python constricts you.
The hobgoblin completely misses you. The ball python barely misses you.
The ball python constricts you. The hobgoblin hits you.
* * * LOW HITPOINT WARNING * * *
You escape the ball python's grasp.
You feel sick. The bat barely misses you. You furiously retaliate!
You headbutt the bat.
You kill the bat!
The bat hits you but does no damage.
The hobgoblin hits you but does no damage.
The goblin closely misses you.
You hit the hobgoblin.
The hobgoblin is almost dead.
You feel sick.
You are no longer poisoned.
The bat hits you but does no damage. The goblin hits you but does no damage.
The hobgoblin hits you.
* * * LOW HITPOINT WARNING * * *
You hit the ball python.
You kill the ball python!
The bat closely misses you. The hobgoblin barely misses you.
The goblin hits you with a +1 dagger of venom.
You die...

#...##....*
#.........*
#.........*
#†..#.....*
#......!..*
#....#....*
#...b#....********
#gg..#,...,,,,,,,,
#@...#**,.,,,,,,,,
*#....# *,,,,,,,,,,
#.....# *,,,,,,,,,,
##....#**,,,,,,,,,,
#......,,,,,,,,,,,
##......,***,,,,**
#.......* *,,,,*
#.......* *,,,,*
*,,,,,,,* *,,,,*


You could see a hobgoblin, a goblin and a bat.

Vanquished Creatures
  3 ball pythons (D:1)
  An endoplasm (D:1)
  2 giant cockroaches (D:1)
  A hobgoblin (D:1)
  5 bats (D:1)
  A frilled lizard (D:1)
  A kobold (D:1)
14 creatures vanquished.

Notes
Turn   | Place    | Note
-------+----------+-------------------------------------------
     0 | D:1      | GigaChad the Minotaur Fighter began the quest for the Orb.
     0 | D:1      | Reached XP level 1. HP: 19/19 MP: 0/0
    98 | D:1      | Reached XP level 2. HP: 19/27 MP: 1/1
   136 | D:1      | HP: 1/27 [hobgoblin (2)]
   137 | D:1      | Slain by a goblin

Illustrated notes

Levels and vault maps discovered:
D:1:      grunt_arrival_lava_bath, layout_basic, serial_bayou_pond_e

Action                   || total
-------------------------++-------
Melee: Long sword        ||    14
       Scimitar          ||     9
       Headbutt          ||     2
  Use: Scroll            ||     2
Armor: Scale mail        ||    23
Dodge: Dodged            ||    25
Block: Buckler           ||    14
